 Dungeon Crawl Stone Soup version 0.23.2-33-g5129a83184 (webtiles) character file.

Game seed: 7928042448680275674

37909 AarnesTheHuman the Fighter (level 14, -5/116 HPs)
             Began as a Formicid Earth Elementalist on July 31, 2019.
             Was a High Priest of Sif Muna.
             Slain by a six-headed hydra (8 damage)
             ... on level 5 of the Lair of Beasts.
             The game lasted 02:08:59 (23938 turns).

AarnesTheHuman the Fighter (FoEE)                  Turns: 23938, Time: 02:09:00

Health: -5/116     AC: 10    Str: 18    XL:     14   Next: 31%
Magic:  30/37      EV: 10    Int: 15    God:    Sif Muna [*****.]
Gold:   324        SH: 12    Dex: 11    Spells: 13/34 levels left

rFire    . . .     SeeInvis +   J - +12 quarterstaff of the Salmon {crush, rElec}
rCold    . . .     Gourm    .   k - +1 shield
rNeg     . . .     Faith    .   V - +1 scale mail {rPois}
rPois    +         Spirit   .   (helmet unavailable)
rElec    +         Reflect  .   (no cloak)
rCorr    .         Harm     .   (no gloves)
MR       +....                  S - +0 pair of boots
Stlth    +.........             e - amulet of magic regeneration
HPRegen  0.29/turn              B - ring of wizardry
MPRegen  0.50/turn              a - ring of magical power

@: no status effects
A: permanent stasis, dig shafts and tunnels, four strong arms, antennae 3
a: Dig, Shaft Self, Divine Energy, Channel Magic, Forget Spell, Renounce
Religion


You were on level 5 of the Lair of Beasts.
You worshipped Sif Muna.
Sif Muna was extremely pleased with you.
You were hungry.

You visited 2 branches of the dungeon, and saw 16 of its levels.
You also visited: Ossuary and Bailey.

You collected 688 gold pieces.
You spent 364 gold pieces at shops.

Inventory:

Hand Weapons
 z - the +6 spear of Kieqag {freeze, rF+++ Str-4 Dex+2 Stlth+}
   (You found it on level 6 of the Dungeon)

   It has been specially enchanted to freeze those struck by it, causing extra
   injury to most foes and up to half again as much damage against particularly
   susceptible opponents.
   It can also slow down cold-blooded creatures.
   It affects your strength (-4).
   It affects your dexterity (+2).
   It renders you almost immune to fire.
   It makes you more stealthy.
 J - the +12 quarterstaff of the Salmon (weapon) {crush, rElec}
   (You found it on level 7 of the Dungeon)

   It inflicts extra damage upon your enemies.
   It insulates you from electricity.
Missiles
 b - 322 stones (quivered)
Armour
 k - a +1 shield (worn)
 R - a +3 scale mail of fire resistance
 S - a +0 pair of boots (worn)
 V - a +1 scale mail of poison resistance (worn)
Jewellery
 a - a ring of magical power (right hand)
 e - an amulet of magic regeneration (around neck)
 n - an uncursed ring of fire
 u - an uncursed ring of ice
 B - a ring of wizardry (left hand)
Wands
 g - a wand of enslavement (21)
 p - a wand of flame (8)
 r - a wand of iceblast (9)
 K - a wand of clouds (3)
 N - a wand of paralysis (8)
 O - a wand of digging (11)
 P - a wand of acid (6)
 Q - a wand of polymorph (9)
Scrolls
 c - a scroll of acquirement {unknown}
 f - 4 scrolls of identify
 h - a scroll of silence {unknown}
 j - a scroll of brand weapon {unknown}
 q - 11 scrolls of remove curse
 s - 4 scrolls of enchant weapon
 y - 4 scrolls of magic mapping
 C - a scroll of vulnerability {unknown}
 D - 3 scrolls of amnesia
 L - a scroll of fear
 T - 3 scrolls of fog
Potions
 i - 4 potions of mutation
 l - 3 potions of heal wounds
 m - 3 potions of ambrosia
 o - 11 potions of curing
 t - 5 potions of resistance
 v - a potion of magic
 w - 3 potions of agility
 A - 4 potions of might
 E - 5 potions of cancellation
 F - 2 potions of brilliance
 G - 4 potions of flight
 I - 2 potions of invisibility
Miscellaneous
 x - a fan of gales
Comestibles
 d - 23 rations


   Skills:
 + Level 12.3 Fighting
 + Level 10.2 Staves
 - Level 8.4 Armour
 - Level 1.7 Dodging
 - Level 2.4 Stealth
 - Level 9.0 Shields
 + Level 10.5 Spellcasting
 - Level 4.1 Conjurations
 - Level 3.7 Hexes
 - Level 1.6 Necromancy
 - Level 1.1 Transmutations
 + Level 11.0 Earth Magic


You had 13 spell levels left.
You knew the following spells:

 Your Spells              Type           Power        Failure   Level  Hunger
a - Sandblast             Erth           #####.       1%          1    None
b - Stone Arrow           Conj/Erth      ####..       1%          3    None
c - Confusing Touch       Hex            ###...       2%          1    None
d - Lee's Rapid Deconstr  Erth           #####.....   3%          5    #####..
e - Petrify               Tmut/Erth      ####....     9%          4    ###....
f - Animate Skeleton      Necr           N/A          5%          1    None
g - Slow                  Hex            ###.....     3%          2    None
h - Leda's Liquefaction   Hex/Erth       ####......   4%          4    ###....

Your spell library contained the following spells:

 Spells                   Type           Power        Failure   Level  Hunger
 Magic Dart               Conj           ###.         1%          1    None
 Passwall                 Tmut/Erth      ####....     1%          2    None
 Corona                   Hex            ###....      2%          1    None
 Searing Ray              Conj           ###...       2%          2    None
 Dazzling Spray           Conj/Hex       ###...       6%          3    None
 Apportation              Tloc           #.....       11%         1    None
 Summon Small Mammal      Summ           #...         11%         1    None
 Inner Flame              Hex/Fire       ##......     14%         3    None
 Portal Projectile        Hex/Tloc       ##....       14%         3    None
 Iskenderun's Mystic Bla  Conj           ###.....     17%         4    ###....
 Fulminant Prism          Conj/Hex       ###.......   19%         4    ###....
 Cause Fear               Hex            ###.......   21%         4    ###....
 Force Lance              Conj/Tloc      ##......     38%         4    ###....


Dungeon Overview and Level Annotations

Branches:
Dungeon (10/15)            Temple (0/1) D:5            Lair (6/6) D:9
 Shoals (0/4) Lair:4       Spider (0/4) Lair:2        Slime (0/5) Lair:5
    Orc: D:9-12

Altars:
Dithmenos
Fedhas
Kikubaaqudgha
Sif Muna
Uskayaw
Zin

Shops:
D:4 [

Annotations:
D:3 exclusion: downstairs
D:4 Edmund
Lair:2 exclusion: oklob plant
Lair:5 exclusion: 2 oklob plants


Innate Abilities, Weirdness & Mutations

You cannot be hasted, slowed, berserked, paralysed or teleported.
You can dig through walls and to a lower floor.
Your four strong arms can wield two-handed weapons with a shield.
You have a pair of large antennae on your head. (SInv)


Message History

Aiming: Stone Arrow (safe; 1% risk of failure)
Press: ? - help, Shift-Dir - straight line The stone arrow hits the six-headed hydra!
The six-headed hydra is severely wounded.
The six-headed hydra bites you! x2
The six-headed hydra bites you but does no damage.
The six-headed hydra bites you! x2
* * * LOW HITPOINT WARNING * * *
The six-headed hydra bites you.
* * * LOW HITPOINT WARNING * * *
The six-headed hydra bites you!
* * * LOW HITPOINT WARNING * * *
The six-headed hydra bites you!
* * * LOW HITPOINT WARNING * * *
The six-headed hydra bites you.
* * * LOW HITPOINT WARNING * * *
The six-headed hydra bites you.
* * * LOW HITPOINT WARNING * * *
The six-headed hydra bites you!
You die...

.....P..#.....#...#.....##
.........................#
.....".........##.#.....P#
.......................P##
.......................##
.............#.P.P#.#...##
..............#....#.#...#
......>......###D..##...##
.###...P....###.@.......#
##..#.#.....##P....#P...#
.......P....##.........P#
P#...^......###....##P.##
.#..#.#.....#####...#P..#
Z#..##.#......###.#.##Z##
.............##..#.#.Z.##
..ZZZ...........Z.......#
...................>....#


You could see a six-headed hydra.

Vanquished Creatures
  Gastronok (Lair:1)
  Fannar (Lair:3)
  5 hydras
  Harold (D:8)
  A two-headed ogre (D:9)
  11 death yaks
  Sonja (Lair:2)
  Pikel (D:8)
  An ugly thing (D:8)
  12 spiny frogs
  4 black mambas
  4 komodo dragons
  19 blink frogs
  7 hippogriffs
  A dream sheep (Lair:5)
  20 yaks
  A wraith (Ossuary)
  2 basilisks
  11 water moccasins
  6 porcupines
  5 orc warriors
  2 ice beasts (D:9)
  3 sky beasts (D:8)
  2 black bears
  2 ogres (D:9)
  4 necrophages (Lair:3)
  4 phantoms
  3 centaurs
  9 crocodiles
  14 bullfrogs
  4 scorpions
  8 killer bees
  4 wights
  An electric eel (Lair:2)
  A howler monkey (D:7)
  3 crimson imps
  2 centaur zombies (D:6)
  2 jellies (D:5)
  A quasit (D:5)
  7 orc wizards
  3 hounds
  7 orc priests
  6 hell rats (Lair:4)
  An iguana (D:6)
  7 worker ants
  A hound zombie (D:6)
  A mummy (Ossuary)
  A worker ant zombie (D:6)
  16 gnolls
  10 adders
  2 shadow imps
  An ooze (D:1)
  An adder zombie (D:8)
  4 adder skeletons
  2 worms
  4 dart slugs
  3 leopard geckos
  28 orcs
  3 giant cockroaches
  18 goblins
  21 hobgoblins
  13 jackals
  21 kobolds
  4 quokkas
  3 bats
  6 frilled lizards
  7 gnoll skeletons (Ossuary)
  4 kobold skeletons (Ossuary)
  A leopard gecko skeleton (D:4)
  14 orc skeletons (Ossuary)
  11 rats
  A plant (Lair:2)
416 creatures vanquished.

Vanquished Creatures (collateral kills)
  A death yak (Lair:4)
  A komodo dragon (Lair:4)
  A blink frog (Lair:4)
  6 dream sheep (Lair:5)
  A yak (Lair:4)
  A bullfrog (Lair:3)
  A fungus (Lair:4)
12 creatures vanquished.

Vanquished Creatures (others)
  A slave (D:8)
  A jelly (D:8)
  An adder (D:8)
  7 fungi
  3 plants
13 creatures vanquished.

Grand Total: 441 creatures vanquished

Notes
Turn   | Place    | Note
-------+----------+-------------------------------------------
     0 | D:1      | AarnesTheHuman the Formicid Earth Elementalist began the
                  | quest for the Orb.
     0 | D:1      | Reached XP level 1. HP: 13/13 MP: 3/3
    84 | D:1      | Reached XP level 2. HP: 14/20 MP: 0/5
   155 | D:1      | Reached skill level 1 in Fighting
   155 | D:1      | Reached skill level 1 in Armour
   296 | D:1      | Reached XP level 3. HP: 26/26 MP: 6/6
   591 | D:1      | Reached XP level 4. HP: 31/32 MP: 8/8
  1076 | D:2      | Learned a level 3 spell: Stone Arrow
  1573 | D:2      | Reached skill level 1 in Shields
  1587 | D:2      | Reached skill level 2 in Fighting
  1587 | D:2      | Reached XP level 5. HP: 30/38 MP: 9/9
  2389 | D:2      | Found a glowing silver altar of Zin.
  2763 | D:3      | Found an ancient bone altar of Kikubaaqudgha.
  3101 | D:3      | Found a deep blue altar of Sif Muna.
  3108 | D:3      | Found a blossoming altar of Fedhas.
  3135 | D:3      | Became a worshipper of Sif Muna the Loreminder
  3864 | D:4      | Found Ufaz's Armour Shoppe.
  3908 | D:4      | Reached XP level 6. HP: 39/46 MP: 8/11
  3919 | D:4      | Reached skill level 5 in Earth Magic
  4301 | D:4      | Noticed Edmund
  4766 | D:4      | Reached skill level 3 in Fighting
  5012 | D:4      | Reached XP level 7. HP: 52/52 MP: 10/12
  5133 | D:5      | Entered Level 5 of the Dungeon
  5193 | D:5      | Found a staircase to the Ecumenical Temple.
  6193 | D:5      | Reached skill level 5 in Shields
  6309 | D:5      | Reached XP level 8. HP: 50/60 MP: 12/14
  6439 | D:5      | Reached skill level 4 in Fighting
  6804 | D:6      | Found a sand-covered staircase.
  6809 | Ossuary  | Entered an ossuary
  6809 | Ossuary  | Noticed a wraith
  6809 | Ossuary  | Noticed a wraith
  6809 | Ossuary  | Noticed a wraith
  7134 | Ossuary  | Noticed a wraith
  7170 | Ossuary  | Killed a wraith
  7816 | D:6      | Reached skill level 1 in Conjurations
  7825 | D:6      | Got a fine spear
  7840 | D:6      | Identified the +6 spear of Kieqag {freeze, rF+++ Str-4
                  | Dex+2 Stlth+} (You found it on level 6 of the Dungeon)
  8032 | D:6      | Reached * piety under Sif Muna
  8054 | D:6      | Found a shadowy altar of Dithmenos.
  8067 | D:6      | Reached skill level 5 in Spellcasting
  8576 | D:7      | Got a smoking quarterstaff
  8580 | D:7      | Identified the +12 quarterstaff of the Salmon {crush,
                  | rElec} (You found it on level 7 of the Dungeon)
  8592 | D:7      | Reached XP level 9. HP: 53/67 MP: 16/16
  8839 | D:7      | Reached skill level 5 in Fighting
  8921 | D:7      | Reached skill level 1 in Staves
  9640 | D:8      | Noticed Pikel
  9842 | D:8      | Noticed Harold
  9899 | D:8      | Reached skill level 6 in Fighting
  9991 | D:8      | Killed Pikel
  9991 | D:8      | Reached XP level 10. HP: 74/77 MP: 17/17
 10008 | D:8      | Found a hide-covered altar of Uskayaw.
 10021 | D:8      | Learned a level 1 spell: Confusing Touch
 10078 | D:8      | Reached skill level 1 in Hexes
 10336 | D:8      | Killed Harold
 10336 | D:8      | Reached skill level 7 in Fighting
 10883 | D:4      | Bought a +3 scale mail of fire resistance for 364 gold
                  | pieces
 11077 | D:9      | Reached ** piety under Sif Muna
 11144 | D:9      | Found a flagged portal.
 11152 | Bailey   | Entered a bailey
 11627 | D:9      | Noticed a white ugly thing
 11679 | D:8      | Killed a white ugly thing
 11765 | D:9      | Reached skill level 8 in Fighting
 11856 | D:9      | Noticed a death yak
 11860 | D:9      | Noticed a death yak
 11873 | D:9      | Noticed a death yak
 12265 | D:8      | Killed a death yak
 12265 | D:8      | Reached skill level 5 in Staves
 12265 | D:8      | Reached XP level 11. HP: 44/86 MP: 19/21
 12508 | D:8      | Killed a death yak
 12724 | D:8      | Killed a death yak
 13021 | D:9      | Reached skill level 9 in Fighting
 13225 | D:9      | Reached *** piety under Sif Muna
 13375 | D:9      | Found a staircase to the Lair.
 13407 | D:9      | Noticed a two-headed ogre
 13456 | D:9      | Killed a two-headed ogre
 13456 | D:9      | Reached skill level 5 in Armour
 13675 | D:10     | Entered Level 10 of the Dungeon
 13739 | Lair:1   | Entered Level 1 of the Lair of Beasts
 14496 | Lair:1   | Reached XP level 12. HP: 96/96 MP: 14/23
 15343 | Lair:1   | Noticed an eight-headed hydra
 15840 | D:8      | Killed an eight-headed hydra
 15840 | D:8      | Reached skill level 10 in Fighting
 16342 | Lair:1   | Noticed Gastronok
 16525 | D:9      | Learned a level 5 spell: Lee's Rapid Deconstruction
 17193 | Lair:1   | Killed Gastronok
 17724 | Lair:2   | Reached **** piety under Sif Muna
 18052 | Lair:2   | Found a hole to the Spider Nest.
 18056 | Lair:2   | Noticed Sonja
 18065 | Lair:2   | Killed Sonja
 18065 | Lair:2   | Reached skill level 10 in Earth Magic
 18065 | Lair:2   | Reached XP level 13. HP: 105/105 MP: 13/25
 18367 | Lair:2   | Reached skill level 11 in Fighting
 19046 | Lair:3   | Noticed a six-headed hydra
 19055 | Lair:3   | Killed a six-headed hydra
 19418 | Lair:3   | Noticed Fannar
 19459 | Lair:3   | Killed Fannar
 19645 | Lair:3   | Learned a level 4 spell: Petrify
 19647 | Lair:3   | Learned a level 1 spell: Animate Skeleton
 20038 | Lair:4   | Noticed a six-headed hydra
 20051 | Lair:4   | Killed a six-headed hydra
 20051 | Lair:4   | Reached skill level 1 in Necromancy
 20088 | Lair:4   | Noticed a five-headed hydra
 20093 | Lair:4   | Killed a five-headed hydra
 20639 | Lair:4   | Reached ***** piety under Sif Muna
 20686 | Lair:4   | Found a staircase to the Shoals.
 20738 | Lair:4   | Received a gift from Sif Muna
 20748 | Lair:4   | Learned a level 2 spell: Slow
 21518 | Lair:5   | Noticed a six-headed hydra
 21775 | Lair:3   | Reached skill level 10 in Spellcasting
 21933 | Lair:4   | Killed a six-headed hydra
 21933 | Lair:4   | Reached XP level 14. HP: 63/114 MP: 26/28
 22147 | Lair:5   | Reached skill level 12 in Fighting
 22227 | Lair:5   | Learned a level 4 spell: Leda's Liquefaction
 22250 | Lair:5   | Found a staircase to the Slime Pits.
 23123 | Lair:6   | Entered Level 6 of the Lair of Beasts
 23137 | Lair:6   | Reached skill level 10 in Staves
 23938 | Lair:5   | HP: 3/116 [six-headed hydra (4)]
 23938 | Lair:5   | Slain by a six-headed hydra

Skill      XL: |  1  2  3  4  5  6  7  8  9 10 11 12 13 14 |
---------------+-------------------------------------------+-----
Fighting       | 1 2 3 4 6 8 9 10 11 12 | 12.3
Armour         | 1 4 5 6 8 |  8.4
Earth Magic    | 4 5 6 7 8 10 11 | 11.0
Spellcasting   | 3 4 5 6 7 8 10 | 10.5
Shields        | 1 2 3 5 6 9 |  9.0
Conjurations   | 1 2 3 4 |  4.1
Staves         | 3 5 6 8 9 10 | 10.2
Hexes          | 3 |  3.7
Necromancy     | 1 |  1.6
Dodging        | |  1.7
Stealth        | |  2.4
Transmutations | |  1.1

Action                   |  1- 3 |  4- 6 |  7- 9 | 10-12 | 13-15 || total
-------------------------+-------+-------+-------+-------+-------++-------
Melee: Unarmed           |     7 |       |       |       |       ||     7
       Spear             |    54 |   206 |   217 |       |       ||   477
       Quarterstaff      |       |       |   111 |   331 |   256 ||   698
 Cast: Sandblast         |    11 |    29 |    62 |    26 |     1 ||   129
       Stone Arrow       |       |       |     6 |    87 |    82 ||   175
       Confusing Touch   |       |       |       |     3 |       ||     3
       Lee's Rapid Decon |       |       |       |    13 |    25 ||    38
       Animate Skeleton  |       |       |       |       |    22 ||    22
       Leda's Liquefacti |       |       |       |       |     3 ||     3
  Use: Scroll            |       |    12 |    11 |     5 |     1 ||    29
       Potion            |       |       |     2 |     3 |       ||     5
 Stab: Sleeping          |     1 |    11 |     3 |       |       ||    15
       Confused          |       |       |       |     1 |       ||     1
  Eat: Chunk             |       |    13 |    13 |    20 |    11 ||    57
       Ration            |       |       |     1 |     4 |     4 ||     9
Armor: Robe              |     5 |    19 |    33 |       |       ||    57
       Ring mail         |       |       |    19 |     6 |       ||    25
       Scale mail        |       |       |       |    84 |    58 ||   142
Dodge: Dodged            |    27 |   115 |   133 |   134 |    76 ||   485
Block: Shield            |       |       |   164 |   245 |   114 ||   523
